 Dungeon Crawl Stone Soup version 0.29.1-15-g9cfb28693d (webtiles) character file.

Game seed: 14561723646879196482

113 protoss039 the Digger (level 4, 0/33 HPs)
             Began as a Demonspawn Earth Elementalist on Mar 14, 2023.
             Slain by a scorpion (1 damage)
             ... on level 4 of the Dungeon.
             The game lasted 00:04:45 (4214 turns).

protoss039 the Digger (DsEE)                        Turns: 4214, Time: 00:04:46

Health: 0/33       AC:  5    Str:  8    XL:     4   Next: 65%
Magic:  2/7        EV:  9    Int: 18    God:
Gold:   212        SH:  5    Dex: 14    Spells: 2/8 levels left

rFire   . . .      SeeInvis .   l - +0 dagger (speed)
rCold   . . .      Faith    .   k - +1 buckler
rNeg    + . .      Spirit   .   g - +0 ring mail
rPois   .          Reflect  .   (no helmet)
rElec   .          Harm     .   (no cloak)
rCorr   .          Rampage  .   (no gloves)
Will    .....                   (no boots)
Stlth   +.........              (no amulet)
HPRegen 0.11/turn               p - ring of positive energy
MPRegen 0.10/turn               (no ring)

@: lethally poisoned (0 -> -20), about to teleport, very slightly contaminated
A: hooves 2, powered by pain 1
a: no special abilities


You were on level 4 of the Dungeon.
You visited 1 branch of the dungeon, and saw 4 of its levels.

You collected 212 gold pieces.

Inventory:

Hand Weapons
 l - a +0 dagger of speed (weapon)
Missiles
 w - 2 throwing nets (quivered)
Armour
 g - a +0 ring mail (worn)
 k - a +1 buckler (worn)
Jewellery
 p - a ring of positive energy (left hand)
 r - a ring of fire
Scrolls
 c - a scroll of enchant armour
 d - a scroll of poison {unknown}
 f - a scroll of teleportation
 h - a scroll of enchant weapon {unknown}
 i - 2 scrolls of amnesia {unknown}
 m - a scroll of fear {unknown}
 n - a scroll of identify
 t - a scroll of silence {unknown}
 u - 2 scrolls of immolation
 v - 2 scrolls of magic mapping {unknown}
Potions
 a - a potion of haste {unknown}
 b - a potion of magic
 e - a potion of heal wounds
 j - a potion of curing {unknown}
 o - a potion of brilliance {unknown}
 q - a potion of might {unknown}
 s - a potion of degeneration {unknown}


   Skills:
 + Level 1.8 Fighting
 * Level 1.4 Armour
 - Level 1.7 Dodging
 - Level 1.7 Stealth
 * Level 1.5 Shields
 + Level 2.6 Spellcasting
 - Level 0.8 Transmutations
 + Level 3.2 Earth Magic


You had 2 spell levels left.
You knew the following spells:

 Your Spells              Type           Power      Damage    Failure   Level
a - Sandblast             Erth           28%        2d8       19%         1
b - Passwall              Tmut/Erth      7%         N/A       41%         2
c - Stone Arrow           Conj/Erth      16%        3d8       71%         3

Your spell library contained the following spells:

 Spells                   Type           Power      Damage    Failure   Level
 Static Discharge         Conj/Air       2%         3-4/arc   71%         2
 Petrify                  Tmut/Erth      9%         N/A       96%         4
 Lightning Bolt           Conj/Air       1%         1d12      100%        5
 Maxwell's Capacitive Co  Air            1%         ∞         100%        8


Dungeon Overview and Level Annotations

Branches:
Dungeon (4/15) Zot: 19752
 Temple: D:4-7

Altars:
Cheibriados
Dithmenos
Nemelex Xobeh
Okawaru
Ru
Trog
Uskayaw


Innate Abilities, Weirdness & Mutations

You have hoof-like feet.
You sometimes gain a little power by taking damage.


Message History

Aim: a scorpion (heavily wounded, 82% to hit)
The blast of sand hits the scorpion but does no damage.
The scorpion is heavily wounded.
You feel very sick. The scorpion stings you.
You are lethally poisoned!
The scorpion poisons you!
Casting: Sandblast (safe; 19% risk of failure)
Confirm with . or Enter, or press ? or * to list all spells.
Aiming: Sandblast (safe; 19% risk of failure)
Press: ? - help, Shift-Dir - straight line, f/p - scorpion
Aim: a scorpion (heavily wounded, 82% to hit)
You miscast Sandblast.
Nothing appears to happen.
You feel very sick. The scorpion stings you.
* * * LOW HITPOINT WARNING * * *
The scorpion stings you but does no damage.
It was a potion of heal wounds.
You feel much better.
You feel very sick. The scorpion stings you.
You are lethally poisoned!
The scorpion poisons you!
Unknown command.
As you read the scroll of teleportation, it crumbles to dust.
You feel strangely unstable.
You feel very sick. The scorpion stings you.
You feel very sick.
Unknown command.
* * * LOW HITPOINT WARNING * * *
You feel very sick.
Unknown command.
The scorpion attacks as you move away! The scorpion stings you.
* * * LOW HITPOINT WARNING * * *
You are more poisoned.
The scorpion poisons you!
* * * LOW HITPOINT WARNING * * *
You feel very sick. The scorpion stings you.
You die...

#########
...#...........#
....#.......#.######
...#.#####.#......###
.............)......
...####..≈§≈≈.._..≈
..............)...
#.#####.######.###
#@##.....# ##.#
#s##.##..# #..# #.#
#.##.##..# #.##
.....###.##.##..# #.#
(...............# #.#
#.##.##########.....#.
##### #


You could see a scorpion.

Vanquished Creatures
  2 adders (D:3)
  4 gnolls (D:3)
  A worm (D:2)
  2 dart slugs
  7 endoplasms
  3 giant cockroaches (D:1)
  5 goblins
  3 hobgoblins
  3 kobolds (D:3)
  5 quokkas
  4 ball pythons
  3 bats
  4 frilled lizards
  4 rats
50 creatures vanquished.

Vanquished Creatures (others)
  18 plants
18 creatures vanquished.

Grand Total: 68 creatures vanquished

Notes
Turn   | Place    | Note
-------+----------+-------------------------------------------
     0 | D:1      | protoss039 the Demonspawn Earth Elementalist began the
                  | quest for the Orb.
     0 | D:1      | Reached XP level 1. HP: 13/13 MP: 3/3
   124 | D:1      | You fall into a shaft and drop 1 floor!
   543 | D:1      | Gained mutation: You have large cloven feet. [demonic
                  | ancestry]
   543 | D:1      | Reached XP level 2. HP: 4/20 MP: 0/5
  1286 | D:1      | Reached skill level 1 in Fighting
  1286 | D:1      | Reached skill level 3 in Earth Magic
  1936 | D:1      | Learned a level 2 spell: Passwall
  2399 | D:2      | Gained mutation: You have hoof-like feet. [demonic
                  | ancestry]
  2399 | D:2      | Reached XP level 3. HP: 26/26 MP: 4/6
  2602 | D:2      | Found a faded altar of an unknown god.
  2787 | D:2      | Learned a level 3 spell: Stone Arrow
  3129 | D:3      | Found a hide-covered altar of Uskayaw.
  3129 | D:3      | Found a snail-covered altar of Cheibriados.
  3130 | D:3      | Found an iron altar of Okawaru.
  3130 | D:3      | Found a shadowy altar of Dithmenos.
  3163 | D:3      | Found a sacrificial altar of Ru.
  3169 | D:3      | Reached skill level 1 in Shields
  3183 | D:3      | Reached skill level 1 in Armour
  3256 | D:3      | Gained mutation: You sometimes gain a little power by
                  | taking damage. [demonic ancestry]
  3256 | D:3      | Reached XP level 4. HP: 32/32 MP: 7/7
  4075 | D:4      | Found a sparkling altar of Nemelex Xobeh.
  4104 | D:4      | Found a bloodstained altar of Trog.
  4193 | D:4      | Noticed a scorpion
  4214 | D:4      | HP: 1/33 [poisoned by a scorpion]
  4214 | D:4      | Slain by a scorpion

Illustrated notes

Levels and vault maps discovered:
D:1:      erik_arrival_orb_chamber, layout_loops_ring
D:2:      layout_rooms, hellmonk_ecumenical_altar_inner_sanctum,
          glass_columns_a, serial_bayou_lake_a
D:3:      layout_basic, nicolae_ru_great_annihilating_truth,
          fedhas_ov_isle_minmay, grunt_temple_overflow_open
D:4:      layout_loops_ring, nemelex_xobeh_ov_fountains_minmay,
          mainiacjoe_overflow_boulevard, minivault_26, minmay_pentangle,
          uniq_menkaure

Skill      XL: |  1  2  3 |
---------------+----------+-----
Fighting       | 1 |  1.8
Earth Magic    | 3 |  3.2
Shields        | 1 |  1.5
Armour         | 1 |  1.4
Dodging        | |  1.7
Stealth        | |  1.7
Spellcasting   | |  2.6
Transmutations | |  0.8

Action                   |  1- 3 |  4- 6 || total
-------------------------+-------+-------++-------
Melee: Unarmed           |    40 |       ||    40
       Dagger            |    44 |    22 ||    66
       Rapier            |    16 |       ||    16
       Kick              |    21 |     8 ||    29
Throw: Throwing net      |       |     4 ||     4
 Cast: Sandblast         |    38 |    18 ||    56
  Use: Scroll            |       |     4 ||     4
       Potion            |       |     1 ||     1
 Stab: Sleeping          |     1 |       ||     1
       Paralysed         |     1 |       ||     1
       Held in net/web   |       |     1 ||     1
Armor: Ring mail         |    46 |    13 ||    59
       Robe              |     1 |       ||     1
Dodge: Dodged            |    44 |    14 ||    58
Block: Buckler           |     2 |     4 ||     6
